 Dungeon Crawl Stone Soup version 0.29.0-4-gdea44cf6ec (webtiles) character file.

Game seed: 1513304249832016773

16 qw the Chopper (level 2, 0/17 HPs)
             Began as a Tengu Warper on Aug 28, 2022.
             Succumbed to their own poison gas
             ... on level 1 of the Dungeon.
             The game lasted 00:00:03 (977 turns).

qw the Chopper (Tengu Warper)                        Turns: 977, Time: 00:00:03

Health: 0/17       AC:  3    Str: 11    XL:     2   Next: 54%
Magic:  6/6        EV: 11    Int: 13    God:
Gold:   69         SH:  0    Dex: 13    Spells: 5/5 levels left

rFire   . . .      SeeInvis .   Y - +0 hand axe
rCold   . . .      Faith    .   (no shield)
rNeg    . . .      Spirit   .   b - +0 leather armour
rPois   .          Reflect  .   (helmet restricted)
rElec   .          Harm     .   (no cloak)
rCorr   .          Rampage  .   (no gloves)
Will    .....                   (boots unavailable)
Stlth   +.........              (no amulet)
HPRegen 0.05/turn               (no ring)
MPRegen 0.10/turn               (no ring)

@: lethally poisoned (0 -> -11)
A: beak, talons 3
a: no special abilities


You were on level 1 of the Dungeon.
You visited 1 branch of the dungeon, and saw 1 of its levels.

You collected 69 gold pieces.


Innate Abilities, Weirdness & Mutations

You have a beak for a mouth.
You have claws for feet.


   Skills:
 - Level 2.0 Fighting
 + Level 3.4 Axes
 - Level 1.0 Throwing
 - Level 1.1 Armour
 - Level 2.1 Dodging
 - Level 2.0 Spellcasting
 - Level 2.4 Translocations


You had 5 spell levels left.
You didn't know any spells.
Your spell library contained the following spells:

 Spells                   Type           Power      Damage    Failure   Level
 Blink                    Tloc           14%        N/A       19%         2
 Gell's Gravitas          Tloc           7%         N/A       36%         3
 Lesser Beckoning         Tloc           7%         N/A       36%         3
 Teleport Other           Tloc           7%         N/A       36%         3
 Manifold Assault         Tloc           7%         N/A       98%         5

Inventory:

Hand Weapons
 l - a +0 club
 Y - a +0 hand axe (weapon)
Missiles
 d - 4 boomerangs of dispersal
 h - 2 silver javelins (quivered)
 k - 6 boomerangs
Armour
 b - a +0 leather armour (worn)
Potions
 f - a potion of magic {unknown}
 i - a potion of might {unknown}
 m - a potion of attraction {unknown}

Dungeon Overview and Level Annotations

Branches:
Dungeon (1/15)

Altars:


Message History

Found an escape hatch in the floor.
There is an escape hatch in the floor here.
Found an escape hatch in the floor.
There is an open door here.
Found an escape hatch in the floor.
There is an escape hatch in the floor here.
Partly explored, can't reach some places.
Partly explored, can't reach some places.
971 ||| READING scroll labelled UROTIGEINA.
As you read the scroll labelled UROTIGEINA, it crumbles to dust.
It is a scroll of identify.
Really abort (and waste the scroll)?
Partly explored, can't reach some places.
972 ||| READING scroll labelled OVAEKK MIADUUZXESE.
The air fills with toxic fumes!
As you read the scroll labelled OVAEKK MIADUUZXESE, it crumbles to dust.
It was a scroll of poison.
Partly explored, can't reach some places.
973 ||| READING scroll labelled RIODIT KIEXI.
As you read the scroll labelled RIODIT KIEXI, it crumbles to dust.
It is a scroll of enchant armour.
Really abort (and waste the scroll)?
Partly explored, can't reach some places.
974 ||| DROPPING scroll of blinking.
You drop a scroll of blinking.
Partly explored, can't reach some places.
(D) Dungeon
Where to? (* - list waypoints, ? - help)
What level of the Dungeon? (default 1, ? - help) Sorry, I don't know how to get there.
Partly explored, can't reach some places.
975 ||| Stepping randomly (stuck).
Really walk into that cloud of poison gas?
You are engulfed in poison gas.
You are lethally poisoned!
You feel very sick.
976 ||| Stepping ~*~*~tactically~*~*~ (cloud).
You feel very sick.
You see here a scroll of blinking.
There is a lethal amount of poison in your body!
You die...

#......#.......#...#.............
.......##).^.###...#.........###.
...........[.................# #.
#####################........# #.
..........#.................####.
.......##.#.#####.#####.###.#....
.......##.#.#¤¤.#.#..<#.#...#....
..........#.###¤###¤###.###.#....
..............#¤@¤0¤#..>..#.#....
............###¤###¤#.###.#.#....
....%.......#¤¤.#.#.#.#.#.#.#....
............#####.#.###.###......
..................#>.............
.#..........#####.#.###.###......
.#..........#...#.#.#.#.#.#......
.#..........###.###.#.###.#.#....
.###..........#>....#..>..#.#####


There were no monsters in sight!

Vanquished Creatures
  2 giant cockroaches (D:1)
  3 goblins (D:1)
  4 quokkas (D:1)
  A ball python (D:1)
  2 bats (D:1)
  2 rats (D:1)
14 creatures vanquished.

Notes
Turn   | Place    | Note
-------+----------+-------------------------------------------
     0 | D:1      | qw the Tengu Warper began the quest for the Orb.
     0 | D:1      | Reached XP level 1. HP: 12/12 MP: 4/4
     0 | D:1      | 0 ||| qw: Version: 0.1-a-89-g26bdef1
     0 | D:1      | 0 ||| qw: Game counter: 2235
     0 | D:1      | 0 ||| qw: Always use a shield: true
     0 | D:1      | 0 ||| qw: God list: Okawaru
     0 | D:1      | 0 ||| qw: Allow faded altars: false
     0 | D:1      | 0 ||| qw: Do Orc after D:15 true
     0 | D:1      | 0 ||| qw: Do second Lair branch before Depths: true
     0 | D:1      | 0 ||| qw: Lair rune preference: random
     0 | D:1      | 0 ||| qw: Plans: Normal
     0 | D:1      | 0 ||| PLANNING D:1-11
   271 | D:1      | Reached XP level 2. HP: 17/17 MP: 6/6
   298 | D:1      | Reached skill level 3 in Axes
   432 | D:1      | Found a faded altar of an unknown god.
   971 | D:1      | 971 ||| READING scroll labelled UROTIGEINA.
   972 | D:1      | 972 ||| READING scroll labelled OVAEKK MIADUUZXESE.
   973 | D:1      | 973 ||| READING scroll labelled RIODIT KIEXI.
   974 | D:1      | 974 ||| DROPPING scroll of blinking.
   975 | D:1      | 975 ||| Stepping randomly (stuck).
   976 | D:1      | 976 ||| Stepping ~*~*~tactically~*~*~ (cloud).
   976 | D:1      | HP: 3/17 [poisoned by you (poison gas)]
   977 | D:1      | Succumbed to their own poison gas

Levels and vault maps discovered:
D:1:      evilmike_arrival_hilbert_curve, layout_basic,
          shapermc_ecumenical_altar_flowoftime

Skill      XL: |  1  2 |
---------------+-------+-----
Axes           | 3 |  3.4
Fighting       | |  2.0
Throwing       | |  1.0
Armour         | |  1.1
Dodging        | |  2.1
Spellcasting   | |  2.0
Translocations | |  2.4

Action                   || total
-------------------------++-------
Melee: Hand axe          ||     8
       Peck              ||     1
       Kick              ||     1
Throw: Javelin           ||    11
       Boomerang         ||     3
  Use: Scroll            ||     3
Armor: Leather armour    ||     1
Dodge: Dodged            ||     4

Table legend:
 A = Non-vault XP
 B = Vault XP
 C = Vault XP percentage of total XP
 D = Non-vault monster count
 E = Vault monster count
 F = Vault count percentage of total count
                 A         B        C        D         E       F
            +---------+---------+-------+---------+---------+-------
      Total |      23 |       0 |   0.0 |      14 |       0 |   0.0
            +---------+---------+-------+---------+---------+-------
        D:1 |      23 |       0 |   0.0 |      14 |       0 |   0.0
            +---------+---------+-------+---------+---------+-------
